PCL
HOUSTON HAMMERTIME @ SANTA MONICA BRUINS
05/15/2024
 
TOP OF THE 1ST
Houston Hammertime batting - Pitching for Santa Monica Bruins : RHP Rafael Blanco
Pitching: RHP Rafael Blanco
Batting: RHB Robert Powell 0-0: Ball
1-0: SINGLE (Line Drive, 56D)
Batting: LHB José Villegas 0-0: Ball
1-0: SINGLE (Line Drive, 6MD)
Robert Powell to second
Batting: SHB Cristo Ontiveros 0-0: Foul Ball, location: 2F
0-1: Fly out, F9 (Flyball, 89S)
Batting: RHB Earl Wiggins 0-0: Foul Ball, location: 2F
0-1: Ball
1-1: Ball
2-1: SINGLE (Line Drive, 34)
Robert Powell to third
José Villegas to second
Runner from 3rd tries for Home, throw and OUT!
Batting: RHB Raúl Salas 0-0: Foul Ball, location: 2F
0-1: Ball
1-1: Ball
2-1: Foul Ball, location: 2F
2-2: Foul Ball, location: 2F
2-2: Ball
3-2: Foul Ball, location: 2F
3-2: Foul Ball, location: 2F
3-2: Foul Ball, location: 2F
3-2: Foul Ball, location: 2F
3-2: DOUBLE (Line Drive, 7LD)
José Villegas scores
Earl Wiggins to third
Earl Wiggins scores
Batting: RHB John Pick 0-0: Foul Ball, location: 2F
0-1: Swinging Strike
0-2: Ground out 6-3 (Groundball, 6M)
Top of the 1st over - 2 run(s), 4 hit(s), 0 error(s), 1 left on base; Houston 2 - Santa Monica 0
BOTTOM OF THE 1ST
Santa Monica Bruins batting - Pitching for Houston Hammertime : RHP Bill Jones
Pitching: RHP Bill Jones
Batting: RHB Alonso Sánchez 0-0: Ball
1-0: SOLO HOME RUN (Flyball, 8LXD), Distance : 413 ft
Batting: RHB Mark Hosley 0-0: Called Strike
0-1: Foul Ball, location: 2F
0-2: Ground out 6-3 (Groundball, 6)
Batting: LHB Ken Poche 0-0: Foul Ball, location: 2F
0-1: Called Strike
0-2: Foul Ball, location: 2F
0-2: SOLO HOME RUN (Flyball, 89XD), Distance : 420 ft
Batting: LHB Germán Charfauros 0-0: Called Strike
0-1: Ball
1-1: Foul Ball, location: 2F
1-2: Ball
2-2: Ball
3-2: Base on Balls
Batting: LHB Bob Cunningham 0-0: Grounds into double play, 4-6-3 (Groundball, 34)
Bottom of the 1st over - 2 run(s), 2 hit(s), 0 error(s), 0 left on base; Houston 2 - Santa Monica 2
TOP OF THE 2ND
Houston Hammertime batting - Pitching for Santa Monica Bruins : RHP Rafael Blanco
Batting: RHB Santo Cruz 0-0: Ball
1-0: Swinging Strike
1-1: Ground out 5-3 (Groundball, 56)
Batting: LHB Fernando Camacho 0-0: Ball
1-0: Foul Ball, location: 2F
1-1: Foul Ball, location: 2F
1-2: Ball
2-2: SINGLE (Groundball, 34S)
Batting: RHB Rafael Torres 0-0: Foul Ball, location: 2F
0-1: Called Strike
0-2: Ball
1-2: Ball
2-2: Ball
3-2: Foul Ball, location: 2F
3-2: Strikes out looking
Batting: RHB Robert Powell 0-0: Called Strike
0-1: Foul Ball, location: 2F
0-2: Ball
1-2: Ball
2-2: Ball
3-2: SINGLE (Flyball, 8LS)
Fernando Camacho to second
Fernando Camacho to third
Batting: LHB José Villegas 0-0: Ball
1-0: Fly out, F7 (Flyball, 7M)
Top of the 2nd over - 0 run(s), 2 hit(s), 0 error(s), 2 left on base; Houston 2 - Santa Monica 2
BOTTOM OF THE 2ND
Santa Monica Bruins batting - Pitching for Houston Hammertime : RHP Bill Jones
Batting: RHB Iván De Jesús 0-0: Ball
1-0: Swinging Strike
1-1: Called Strike
1-2: SINGLE (Groundball, 6MD) (infield hit)
Batting: RHB Grant Jenkins 0-0: Ball
1-0: Ball
2-0: Ball
3-0: Base on Balls
Iván De Jesús to second
Batting: RHB Armando Méndez 0-0: Ball
1-0: Grounds into double play, U5-3 (Groundball, 5L)
Grant Jenkins to second
Batting: RHB Juan Acuña 0-0: Ball
1-0: Ground out 6-3 (Groundball, 6M)
Bottom of the 2nd over - 0 run(s), 1 hit(s), 0 error(s), 1 left on base; Houston 2 - Santa Monica 2
TOP OF THE 3RD
Houston Hammertime batting - Pitching for Santa Monica Bruins : RHP Rafael Blanco
Batting: SHB Cristo Ontiveros 0-0: Ball
1-0: Called Strike
1-1: Foul Ball, location: 2F
1-2: Ball
2-2: Foul Ball, location: 2F
2-2: DOUBLE (Line Drive, 9LS)
Batting: RHB Earl Wiggins 0-0: Ball
1-0: Foul Ball, location: 2F
1-1: Called Strike
1-2: SINGLE (Line Drive, 8LS)
Cristo Ontiveros to third
Batting: RHB Raúl Salas 0-0: Called Strike
0-1: Ball
1-1: Ball
2-1: Grounds into double play, 6-4-3 (Groundball, 6M)
Cristo Ontiveros scores
Batting: RHB John Pick 0-0: Swinging Strike
0-1: Foul Ball, location: 2F
0-2: Strikes out looking
Top of the 3rd over - 1 run(s), 2 hit(s), 0 error(s), 0 left on base; Houston 3 - Santa Monica 2
BOTTOM OF THE 3RD
Santa Monica Bruins batting - Pitching for Houston Hammertime : RHP Bill Jones
Batting: RHB Alonso Sánchez 0-0: Ground out 6-3 (Groundball, 6MS)
Batting: RHB Mark Hosley 0-0: Called Strike
0-1: Ball
1-1: Ball
2-1: Called Strike
2-2: Ball
3-2: Strikes out swinging
Batting: LHB Ken Poche 0-0: Ball
1-0: Foul Ball, location: 2F
1-1: Ball
2-1: Ball
3-1: Foul Ball, location: 2F
3-2: Strikes out swinging
Bottom of the 3rd over - 0 run(s), 0 hit(s), 0 error(s), 0 left on base; Houston 3 - Santa Monica 2
TOP OF THE 4TH
Houston Hammertime batting - Pitching for Santa Monica Bruins : RHP Rafael Blanco
Batting: RHB Santo Cruz 0-0: Called Strike
0-1: Ball
1-1: Ball
2-1: DOUBLE (Flyball, 7LM)
Batting: LHB Fernando Camacho 0-0: Called Strike
0-1: SINGLE (Line Drive, 9S)
Santo Cruz to third
Batting: RHB Rafael Torres 0-0: Called Strike
0-1: Ball
1-1: Ball
2-1: Grounds into double play, 5-4-3 (Groundball, 56)
Santo Cruz scores
Batting: RHB Robert Powell 0-0: Swinging Strike
0-1: Ball
1-1: Ball
2-1: Foul Ball, location: 2F
2-2: SINGLE (Line Drive, 6MD)
Batting: LHB José Villegas 0-0: Called Strike
Robert Powell is caught stealing 2nd base
Top of the 4th over - 1 run(s), 3 hit(s), 0 error(s), 0 left on base; Houston 4 - Santa Monica 2
BOTTOM OF THE 4TH
Santa Monica Bruins batting - Pitching for Houston Hammertime : RHP Bill Jones
Batting: LHB Germán Charfauros 0-0: Ball
1-0: Called Strike
1-1: Swinging Strike
1-2: Ball
2-2: Ball
3-2: Foul Ball, location: 2F
3-2: Strikes out swinging
Batting: LHB Bob Cunningham 0-0: Called Strike
0-1: Ball
1-1: Foul Ball, location: 2F
1-2: Foul Ball, location: 2F
1-2: Ground out 6-3 (Groundball, 6)
Batting: RHB Iván De Jesús 0-0: Foul Ball, location: 2F
0-1: SINGLE (Groundball, 6M)
Batting: RHB Grant Jenkins 0-0: Ball
1-0: Called Strike
1-1: Ball
2-1: Swinging Strike
2-2: Ball
3-2: Foul Ball, location: 2F
3-2: Foul Ball, location: 2F
3-2: Ground out 6-3 (Groundball, 6M)
Bottom of the 4th over - 0 run(s), 1 hit(s), 0 error(s), 1 left on base; Houston 4 - Santa Monica 2
TOP OF THE 5TH
Houston Hammertime batting - Pitching for Santa Monica Bruins : RHP Rafael Blanco
Batting: LHB José Villegas 0-0: Called Strike
0-1: Ground out 5-3 (Groundball, 56)
Batting: SHB Cristo Ontiveros 0-0: Ball
1-0: Ball
2-0: Called Strike
2-1: Ball
3-1: Called Strike
3-2: Strikes out swinging
Batting: RHB Earl Wiggins 0-0: Ball
1-0: Fly out, F8 (Flyball, 8LD)
Top of the 5th over - 0 run(s), 0 hit(s), 0 error(s), 0 left on base; Houston 4 - Santa Monica 2
BOTTOM OF THE 5TH
Santa Monica Bruins batting - Pitching for Houston Hammertime : RHP Bill Jones
Batting: RHB Armando Méndez 0-0: Ball
1-0: Foul Ball, location: 2F
1-1: Called Strike
1-2: Ball
2-2: SOLO HOME RUN (Flyball, 78XD), Distance : 396 ft
Batting: RHB Juan Acuña 0-0: Ball
1-0: Foul Ball, location: 2F
1-1: Ground out 4-3 (Groundball, 4M)
Batting: RHB Alonso Sánchez 0-0: Ball
1-0: Called Strike
1-1: Ball
2-1: Foul Ball, location: 2F
2-2: Ground out 6-3 (Groundball, 56)
Batting: RHB Mark Hosley 0-0: Called Strike
0-1: Ball
1-1: Swinging Strike
1-2: Ball
2-2: Ball
3-2: Base on Balls
Pitching: RHP Lorenzo Ramos
Batting: LHB Ken Poche 0-0: Foul Ball, location: 2F
Balk!
Mark Hosley to second
0-1: Foul Ball, location: 2F
0-2: Foul Ball, location: 2F
0-2: Strikes out swinging
Bottom of the 5th over - 1 run(s), 1 hit(s), 0 error(s), 1 left on base; Houston 4 - Santa Monica 3
TOP OF THE 6TH
Houston Hammertime batting - Pitching for Santa Monica Bruins : RHP Rafael Blanco
Batting: RHB Raúl Salas 0-0: Called Strike
0-1: Ball
1-1: Ball
2-1: Called Strike
2-2: Foul Ball, location: 2F
2-2: Ball
3-2: Foul Ball, location: 2F
3-2: Base on Balls
Batting: RHB John Pick 0-0: Ball
1-0: Ground out 4-3 (Groundball, 4M)
Raúl Salas to second
Pitching: RHP Mark Ross
Batting: RHB Santo Cruz 0-0: Ball
1-0: Foul Ball, location: 2F
1-1: Foul Ball, location: 2F
1-2: Ball
2-2: Foul Ball, location: 2F
2-2: Ball
3-2: Ground out 3-1 (Groundball, 34)
Raúl Salas to third
Batting: LHB Fernando Camacho 0-0: Ball
1-0: Ball
2-0: Called Strike
2-1: Ball
3-1: Foul Ball, location: 2F
3-2: Fly out, F5 (Popup, 15)
Top of the 6th over - 0 run(s), 0 hit(s), 0 error(s), 1 left on base; Houston 4 - Santa Monica 3
BOTTOM OF THE 6TH
Santa Monica Bruins batting - Pitching for Houston Hammertime : RHP Lorenzo Ramos
Batting: LHB Germán Charfauros 0-0: Ball
1-0: Ball
2-0: Called Strike
2-1: Foul Ball, location: 2F
2-2: Foul Ball, location: 2F
2-2: Strikes out looking
Batting: LHB Bob Cunningham 0-0: Ball
1-0: Ball
2-0: Foul Ball, location: 2F
2-1: DOUBLE (Flyball, 8LD)
Batting: RHB Iván De Jesús 0-0: Called Strike
0-1: Foul Ball, location: 2F
0-2: Strikes out swinging
Batting: RHB Grant Jenkins 0-0: Called Strike
0-1: Ball
1-1: DOUBLE (Flyball, 8RXD)
Bob Cunningham scores
Batting: RHB Armando Méndez 0-0: Called Strike
0-1: Ball
1-1: Ball
2-1: Ball
3-1: Called Strike
3-2: Foul Ball, location: 2F
3-2: Foul Ball, location: 2F
3-2: Strikes out swinging
Bottom of the 6th over - 1 run(s), 2 hit(s), 0 error(s), 1 left on base; Houston 4 - Santa Monica 4
TOP OF THE 7TH
Houston Hammertime batting - Pitching for Santa Monica Bruins : RHP Mark Ross
Batting: RHB Rafael Torres 0-0: Ball
1-0: Called Strike
1-1: Ball
2-1: Called Strike
2-2: SINGLE (Groundball, 6MD)
Batting: RHB Robert Powell 0-0: Ball
1-0: Called Strike
1-1: Sac Bunt - play at first, batter OUT! 5-3
Rafael Torres to second
Pinch Hitting: LHB Pat Jones 0-0: Ball
1-0: Fly out, F7 (Flyball, 7M)
Batting: SHB Cristo Ontiveros 0-0: DOUBLE (Line Drive, 5D)
Rafael Torres scores
Batting: RHB Earl Wiggins 0-0: Ball
1-0: Foul Ball, location: 2F
1-1: DOUBLE (Line Drive, 5D)
Cristo Ontiveros scores
Batting: RHB Raúl Salas 0-0: Ball
1-0: Called Strike
1-1: Swinging Strike
1-2: 2-RUN HOME RUN (Flyball, 7D), Distance : 350 ft
Pitching: RHP Javier Correa
Batting: RHB John Pick 0-0: Ground out 5-3 (Groundball, 56S)
Top of the 7th over - 4 run(s), 4 hit(s), 0 error(s), 0 left on base; Houston 8 - Santa Monica 4
BOTTOM OF THE 7TH
Santa Monica Bruins batting - Pitching for Houston Hammertime : RHP Lorenzo Ramos
Now in RF: Pat Jones
Batting: RHB Juan Acuña 0-0: Swinging Strike
0-1: Ball
1-1: Foul Ball, location: 2F
1-2: Fly out, F8 (Flyball, 89D)
Batting: RHB Alonso Sánchez 0-0: Ball
1-0: Called Strike
1-1: Foul Ball, location: 2F
1-2: Strikes out swinging
Batting: RHB Mark Hosley 0-0: Called Strike
0-1: Called Strike
0-2: Strikes out looking
Bottom of the 7th over - 0 run(s), 0 hit(s), 0 error(s), 0 left on base; Houston 8 - Santa Monica 4
TOP OF THE 8TH
Houston Hammertime batting - Pitching for Santa Monica Bruins : RHP Javier Correa
Batting: RHB Santo Cruz 0-0: Swinging Strike
0-1: Called Strike
0-2: Ball
1-2: Foul Ball, location: 2F
1-2: Foul Ball, location: 2F
1-2: Foul Ball, location: 2F
1-2: Ball
2-2: Ground out 4-3 (Groundball, 4)
Batting: LHB Fernando Camacho 0-0: Swinging Strike
0-1: Ball
1-1: Ball
2-1: Swinging Strike
2-2: Foul Ball, location: 2F
2-2: Ball
3-2: Foul Ball, location: 2F
3-2: Base on Balls
Batting: RHB Rafael Torres 0-0: Ball
1-0: Ball
2-0: Called Strike
2-1: Foul Ball, location: 2F
2-2: Strikes out looking
Batting: RHB Robert Powell 0-0: Ball
1-0: Ball
2-0: Fly out, F6 (Popup, 6D)
Top of the 8th over - 0 run(s), 0 hit(s), 0 error(s), 1 left on base; Houston 8 - Santa Monica 4
BOTTOM OF THE 8TH
Santa Monica Bruins batting - Pitching for Houston Hammertime : RHP Lorenzo Ramos
Pitching: LHP Howard Bailey
Batting: LHB Ken Poche 0-0: Called Strike
0-1: Ball
1-1: Ball
2-1: Ground out 2-3 (Groundball, 2L)
Batting: LHB Germán Charfauros 0-0: Ball
1-0: Ball
2-0: Swinging Strike
2-1: Swinging Strike
2-2: Ball
3-2: Strikes out swinging
Batting: LHB Bob Cunningham 0-0: Ground out 5-3 (Groundball, 56)
Bottom of the 8th over - 0 run(s), 0 hit(s), 0 error(s), 0 left on base; Houston 8 - Santa Monica 4
TOP OF THE 9TH
Houston Hammertime batting - Pitching for Santa Monica Bruins : RHP Javier Correa
Batting: LHB Pat Jones 0-0: Swinging Strike
0-1: Ball
1-1: Ball
2-1: Swinging Strike
2-2: Foul Ball, location: 2F
2-2: Ball
3-2: Fly out, F8 (Flyball, 8LD)
Batting: SHB Cristo Ontiveros 0-0: Foul Ball, location: 2F
0-1: Ball
1-1: Ball
2-1: Ball
3-1: Fly out, F8 (Flyball, 8RS)
Batting: RHB Earl Wiggins 0-0: Foul Ball, location: 2F
0-1: Ball
1-1: Foul Ball, location: 2F
1-2: Ball
2-2: Ground out 1-3 (Groundball, 15)
Top of the 9th over - 0 run(s), 0 hit(s), 0 error(s), 0 left on base; Houston 8 - Santa Monica 4
BOTTOM OF THE 9TH
Santa Monica Bruins batting - Pitching for Houston Hammertime : LHP Howard Bailey
Batting: RHB Iván De Jesús 0-0: Ball
1-0: Called Strike
1-1: Ground out 5-3 (Groundball, 56S)
Batting: RHB Grant Jenkins 0-0: Ball
1-0: Ball
2-0: Fly out, F9 (Flyball, 9M)
Batting: RHB Armando Méndez 0-0: SINGLE (Groundball, 56D)
Batting: RHB Juan Acuña 0-0: Foul Ball, location: 2F
0-1: Foul Ball, location: 2F
0-2: Ball
1-2: Fly out, F4 (Popup, 4D)
Bottom of the 9th over - 0 run(s), 1 hit(s), 0 error(s), 1 left on base; Houston 8 - Santa Monica 4
This league is powered by Out of the Park Baseball, the baseball management simulation game for PC, Mac and Linux
Saturday, April 9th, 2016 - OOTP Baseball 16.8 Build 38